 Dungeon Crawl Stone Soup version 0.29-a0-1033-gb6c65ffae6 (webtiles) character file.

Game seed: 16515318778350405545

238 gelatine the Magician (level 5, -3/35 HPs)
             Began as a Demonspawn Hedge Wizard on Aug 15, 2022.
             Was an Initiate of Vehumet.
             Succumbed to a scorpion's poison
             ... on level 4 of the Dungeon.
             The game lasted 00:12:08 (3558 turns).

gelatine the Magician (Demonspawn Hedge Wizard)     Turns: 3558, Time: 00:12:09

Health: -3/35      AC:  2    Str: 10    XL:     5   Next: 78%
Magic:  1/12       EV: 12    Int: 18    God:    Vehumet [......]
Gold:   123        SH:  4    Dex: 12    Spells: 7/13 levels left

rFire   . . .      SeeInvis .   p - +1 short sword (vamp)
rCold   + . .      Faith    .   (no shield)
rNeg    . . .      Spirit   +   o - +0 robe of Wamp {rC+}
rPois   .          Reflect  .   c - +0 hat
rElec   .          Harm     .   (no cloak)
rCorr   .          Rampage  .   (no gloves)
Will    .....                   (no boots)
Stlth   ++........              (no amulet)
HPRegen 0.11/turn               (no ring)
MPRegen 0.26/turn               (no ring)

@: lethally poisoned (-3 -> -18), on blink cooldown
A: claws 1, large bone plates 1, magic shield, magic regeneration
a: Renounce Religion


You were on level 4 of the Dungeon.
You worshipped Vehumet.
Vehumet was noncommittal.
You visited 1 branch of the dungeon, and saw 4 of its levels.

You collected 123 gold pieces.

Inventory:

Hand Weapons
 b - a +2 dagger of flaming
 k - a +0 dagger of draining
 p - a +1 vampiric short sword (weapon)
Armour
 c - a +0 hat (worn)
 o - the +0 robe of Wamp (worn) {rC+}
   (You found it on level 2 of the Dungeon)

   rC:        It protects you from cold.
Jewellery
 w - a ring of magical power
Wands
 l - a wand of paralysis (14)
 v - a wand of quicksilver (4)
Scrolls
 a - a scroll of noise {unknown}
 g - a scroll of brand weapon {unknown}
 h - a scroll of poison {unknown}
 i - 2 scrolls of immolation {unknown}
 j - a scroll of teleportation
 u - a scroll of magic mapping {unknown}
Potions
 d - a potion of magic
 e - a potion of berserk rage
 f - 2 potions of curing
 m - a potion of ambrosia
 n - a potion of lignification {unknown}
 q - a potion of brilliance {unknown}
 r - a potion of haste {unknown}
 s - a potion of flight {unknown}
 t - 2 potions of degeneration {unknown}


   Skills:
 + Level 0.1 Fighting
 + Level 0.7 Short Blades
 + Level 2.0 Dodging
 + Level 2.1 Stealth
 + Level 1.2 Shields
 + Level 4.7 Spellcasting
 + Level 2.7 Conjurations
 + Level 1.1 Summonings
 + Level 1.3 Translocations
 + Level 0.1 Ice Magic


You had 7 spell levels left.
You knew the following spells:

 Your Spells              Type           Power      Damage    Failure   Level
a - Magic Dart            Conj           56%        1d5       4%          1
b - Call Imp              Summ           8%         N/A       13%         2
c - Blink                 Tloc           18%        N/A       12%         2
d - Freeze                Ice            16%        1d4       13%         1

Your spell library contained the following spells:

 Spells                   Type           Power      Damage    Failure   Level
 Slow                     Hex            16%        N/A       14%         1
 Sting                    Tmut/Pois      16%        1d3       14%         1
 Poisonous Vapours        Pois/Air       8%         N/A       21%         2
 Conjure Flame            Conj/Fire      9%         6-21      24%         3
 Dazzling Flash           Conj/Hex       18%        N/A       24%         3
 Mephitic Cloud           Conj/Pois/Air  7%         N/A       28%         3
 Frozen Ramparts          Ice            8%         1d2       36%         3
 Hailstorm                Conj/Ice       9%         3d4       58%         4
 Olgreb's Toxic Radiance  Pois           4%         N/A       80%         4
 Agony                    Necr           4%         N/A       98%         5
 Silence                  Hex/Air        2%         N/A       98%         5


Dungeon Overview and Level Annotations

Branches:
Dungeon (4/15)
 Temple: D:4-7

Altars:
Kikubaaqudgha
Vehumet


Innate Abilities, Weirdness & Mutations

You have sharp fingernails.
You are partially covered in large bone plates. (SH +4)
When hurt, damage is shared between your health and your magic reserves.
You regenerate magic rapidly.


Message History

You are lethally poisoned!
The scorpion poisons you!
The orc hits your white imp with a +0 hand axe.
Your white imp barely misses the orc.
You hit the scorpion but do no damage.
The scorpion is almost dead.
* * * LOW HITPOINT WARNING * * *
You feel very sick. The scorpion barely misses you.
The orc misses your white imp.
The orc hits your white imp with a +0 dagger.
Your white imp dies!
Your white imp disappears in a puff of smoke!
Okay, then.
Casting: Freeze (safe; 13% risk of failure)
Confirm with . or Enter, or press ? or * to list all spells.
You blink.
* * * LOW HITPOINT WARNING * * *
You feel sick. The orc barely misses you. The scorpion completely misses you.
It was a potion of curing.
You feel better. The orc hits you with a +0 dagger.
* * * LOW HITPOINT WARNING * * *
You block the orc's attack. The scorpion barely misses you.
The scorpion attacks as you move away! The scorpion stings you.
* * * LOW HITPOINT WARNING * * *
You are lethally poisoned!
The scorpion poisons you!
* * * LOW HITPOINT WARNING * * *
You feel very sick. The orc hits you with a +0 dagger.
* * * LOW HITPOINT WARNING * * *
The orc hits you but does no damage.
Your magical contamination has completely faded away.
You feel better. The scorpion stings you.
* * * LOW HITPOINT WARNING * * *
You are lethally poisoned!
The scorpion poisons you! The orc hits you with a +0 dagger.
The orc closely misses you. The orc attacks as you move away!
The orc hits you with a +0 hand axe.
* * * LOW HITPOINT WARNING * * *
The scorpion attacks as you move away! The scorpion closely misses you.
You die...

...# #...#.. ...# ...#.
...# ... ...# ....# #)#
..)# #....#.#)#
...######....#.#)#
...'....#......#.#.oo
...#....#.....##.##..
...#....#.....#.@.#..
...#....#.....#.o.#.####
...#....'.....#.os#....#
...#....#.....##)##....#
...#....#......#)#.....#
####....#####..#.#.....#
..##....##..#..#.#.....#
..#.........##.#'#..####
..#....).....#.....##


You could see a scorpion and 2 orcs.

Vanquished Creatures
  A necrophage (D:3)
  7 adders
  2 worms
  A dart slug (D:1)
  5 orcs
  7 bats
  An endoplasm (D:1)
  3 giant cockroaches
  6 goblins
  9 hobgoblins
  A jackal (D:2)
  5 kobolds
  2 quokkas
  4 ball pythons
  3 frilled lizards
  8 rats
65 creatures vanquished.

Vanquished Creatures (collateral kills)
  An orc priest (D:4)
  An adder (D:3)
  2 endoplasms
  A giant cockroach (D:4)
  A hobgoblin (D:3)
6 creatures vanquished.

Grand Total: 71 creatures vanquished

Notes
Turn   | Place    | Note
-------+----------+-------------------------------------------
     0 | D:1      | gelatine the Demonspawn Hedge Wizard began the quest for
                  | the Orb.
     0 | D:1      | Reached XP level 1. HP: 13/13 MP: 4/4
   222 | D:1      | Gained mutation: You regenerate magic rapidly. [demonic
                  | ancestry]
   222 | D:1      | Reached XP level 2. HP: 19/19 MP: 0/6
   628 | D:1      | Found a faded altar of an unknown god.
   764 | D:1      | Learned a level 2 spell: Call Imp
   767 | D:1      | Learned a level 2 spell: Blink
  1049 | D:1      | Gained mutation: When hurt, damage is shared between your
                  | health and your magic reserves. [demonic ancestry]
  1049 | D:1      | Reached XP level 3. HP: 23/24 MP: 1/8
  1740 | D:2      | Reached skill level 4 in Spellcasting
  1987 | D:2      | Gained mutation: You are partially covered in large bone
                  | plates. (SH +4) [demonic ancestry]
  1987 | D:2      | Reached XP level 4. HP: 30/30 MP: 3/10
  2160 | D:2      | Identified the +0 robe of Wamp {rC+}
  2628 | D:3      | Noticed a necrophage
  2636 | D:3      | Reached skill level 1 in Translocations
  2680 | D:3      | Killed a necrophage
  2681 | D:3      | Reached skill level 1 in Shields
  2681 | D:3      | Gained mutation: You have sharp fingernails. [demonic
                  | ancestry]
  2681 | D:3      | Reached XP level 5. HP: 35/35 MP: 2/11
  2723 | D:3      | Found an ancient bone altar of Kikubaaqudgha.
  3289 | D:3      | Learned a level 1 spell: Freeze
  3474 | D:4      | Found a radiant altar of Vehumet.
  3512 | D:4      | Became a worshipper of Vehumet
  3518 | D:4      | Identified the +5 sling "Izich" {venom, MP-9 Str-5 Int+8
                  | Stlth+}
  3556 | D:4      | HP: 1/35 [orc/+0 dagger (3)]
  3558 | D:4      | Succumbed to a scorpion's poison

Illustrated notes

Levels and vault maps discovered:
D:1:      dpeg_arrival_prison, layout_loops_ring, basic_ecumenical_altar
D:2:      layout_basic, grunt_decor_resistance, minmay_pentomino_t4
D:3:      layout_rooms, kiku_gazebo_garden_becter, serial_aquarium,
          aquarium_bridge_straight [aquarium_subvault_bridge,
          aquarium_subvault_balcony, aquarium_subvault_bridge,
          aquarium_subvault_balcony], aquarium_window_fake, aquarium_window_3,
          aquarium_window_fake, aquarium_view_2c, aquarium_pool_five,
          kennysheep_potato
D:4:      layout_gridville, mainiacjoe_overflow_surrounded_room,
          nicolae_overflow_hallway_of_the_gods, minmay_misc_feat_plants

Skill      XL: |  1  2  3  4 |
---------------+-------------+-----
Stealth        | 2 |  2.1
Dodging        | 2 |  2.0
Spellcasting   | 4 |  4.7
Translocations | 1 |  1.3
Shields        | 1 |  1.2
Conjurations   | 2 |  2.7
Fighting       | |  0.1
Short Blades   | |  0.7
Summonings     | |  1.1
Ice Magic      | |  0.1

Action                   |  1- 3 |  4- 6 || total
-------------------------+-------+-------++-------
Melee: Dagger            |    51 |    17 ||    68
       Punch             |     1 |       ||     1
       Short sword       |       |    12 ||    12
 Cast: Magic Dart        |    85 |    52 ||   137
       Call Imp          |     4 |     6 ||    10
       Blink             |     3 |     5 ||     8
       Freeze            |       |     9 ||     9
  Use: Scroll            |       |     3 ||     3
       Potion            |       |     2 ||     2
 Stab: Sleeping          |     1 |       ||     1
Armor: Robe              |    11 |     8 ||    19
Dodge: Dodged            |    48 |    29 ||    77
Block: Other             |       |     8 ||     8

Table legend: (Time is in decaauts)
 A = Elapsed time spent in this place.
 B = Non-inter-level travel time spent in this place.
 C = Inter-level travel time spent in this place.
 D = Time resting spent in this place.
 E = Time spent auto-exploring this place.
 F = Levels seen in this place.
 G = Mean time per level.
                   A        B        C        D        E       F      G
               +--------+--------+--------+--------+--------+-----+--------+
         Total |   3555 |   3440 |    115 |     33 |   2827 |   4 |  888.8 |
       Dungeon |   3555 |   3440 |    115 |     33 |   2827 |   4 |  888.8 |
               +--------+--------+--------+--------+--------+-----+--------+

Top non-repeatable levels by time:
     D:1: 1264 daAuts
     D:2: 1171 daAuts
     D:3: 857 daAuts
     D:4: 262 daAuts
